 Dungeon Crawl Stone Soup version 0.29-a0-378-gc08b2e8bf8 (webtiles) character file.

Game seed: 2079920157582935996

5062 Antichthon the Cleaver (level 10, -8/79 HPs)
             Began as a Deep Dwarf Fighter on May 4, 2022.
             Was a Priest of Makhleb.
             Mangled by a cyclops (22 damage)
             ... on level 9 of the Dungeon.
             The game lasted 00:25:58 (6957 turns).

Antichthon the Cleaver (Deep Dwarf Fighter)         Turns: 6957, Time: 00:25:58

Health: -8/79      AC: 20    Str: 17    XL:     10   Next: 31%
Magic:  13/13      EV:  6    Int: 16    God:    Makhleb [***...]
Gold:   243        SH:  5    Dex: 12    Spells: 15/15 levels left

rFire   + . .      SeeInvis .   a - +1 war axe (vorpal)
rCold   . . .      Faith    .   c - +0 buckler
rNeg    . . .      Spirit   .   j - +0 plate armour
rPois   .          Reflect  .   (no helmet)
rElec   .          Harm     .   k - +2 cloak {rCorr}
rCorr   +          Rampage  .   b - +0 pair of gloves
Will    +....                   p - +1 pair of boots
Stlth   ..........              (no amulet)
HPRegen 0.00/turn               r - ring of the Tuna {rF+ Stlth+}
MPRegen 0.13/turn               s - ring of flight

@: flying, studying Earth Magic
A: damage resistance, heal wounds, sense surroundings 2, no regeneration, clever
1, frail 1, mutation resistance 1, weak 1
a: Heal Wounds, Renounce Religion, Minor Destruction, Lesser Servant of Makhleb


You were on level 9 of the Dungeon.
You worshipped Makhleb.
Makhleb was most pleased with you.
You visited 1 branch of the dungeon, and saw 9 of its levels.
You also visited: Sewer and Ossuary.

You collected 433 gold pieces.
You spent 190 gold pieces at shops.

Inventory:

Hand Weapons
 a - a +1 vorpal war axe (weapon)
Armour
 b - a +0 pair of gloves (worn)
 c - a +0 buckler (worn)
 j - a +0 plate armour (worn)
 k - a +2 cloak of preservation (worn)
 p - a +1 pair of boots (worn)
Jewellery
 o - a +6 ring of intelligence
 r - the ring of the Tuna (left hand) {rF+ Stlth+}
   (You found it on level 4 of the Dungeon)

   [ring of protection from fire]

   rF:        It protects you from fire.
   Stlth:     It makes you more stealthy.
 s - a ring of flight (right hand)
 G - a ring of wizardry
Wands
 q - a wand of charming (7)
 x - a wand of iceblast (5)
 B - a wand of acid (5)
 D - a wand of paralysis (2)
Scrolls
 f - a scroll of immolation
 g - 2 scrolls of enchant weapon
 n - 6 scrolls of teleportation
 u - 2 scrolls of identify
 v - a scroll of vulnerability
 y - 4 scrolls of blinking
 A - a scroll of poison
 C - a scroll of magic mapping
 E - 2 scrolls of enchant armour
 F - a scroll of amnesia
Potions
 d - a potion of might
 e - 2 potions of heal wounds
 h - 4 potions of attraction
 i - 9 potions of curing
 l - 5 potions of flight
 m - 2 potions of berserk rage
 t - 4 potions of cancellation
 w - 3 potions of haste
 z - a potion of brilliance
 H - a potion of magic


   Skills:
 * Level 5.4 Fighting
 * Level 10.1 Axes
 * Level 6.9 Armour
 * Level 4.4 Dodging
 * Level 5.6 Shields
 * Level 3.4 Spellcasting
 * Level 4.8 Necromancy
 * Level 5.3 Invocations


You had 15 spell levels left.
You didn't know any spells.
Your spell library contained the following spells:

 Spells                   Type           Power      Damage    Failure   Level
 Magic Dart               Conj           8%         1d3       100%        1
 Sting                    Tmut/Pois      8%         1d3       100%        1
 Call Imp                 Summ           2%         N/A       100%        2
 Poisonous Vapours        Pois/Air       4%         N/A       100%        2
 Searing Ray              Conj           4%         2d4       100%        2
 Ignite Poison            Fire/Tmut/Pois 2%         N/A       100%        3
 Mephitic Cloud           Conj/Pois/Air  2%         N/A       100%        3
 Fulminant Prism          Conj/Hex       1%         3d6       100%        4
 Olgreb's Toxic Radiance  Pois           2%         N/A       100%        4
 Petrify                  Tmut/Erth      2%         N/A       100%        4
 Blade Hands              Tmut           1%         N/A       100%        5
 Freezing Cloud           Conj/Ice/Air   1%         6-21      100%        5
 Irradiate                Conj/Tmut      1%         3d13      100%        5
 Metabolic Englaciation   Hex/Ice        1%         N/A       100%        5
 Statue Form              Tmut/Erth      1%         N/A       100%        6
 Dragon Form              Tmut           1%         N/A       100%        7


Dungeon Overview and Level Annotations

Branches:
Dungeon (9/15)             Temple (0/1) D:5           Sewer (visited)
Ossuary (visited)
   Lair: D:8-11         Orc: D:9-12

Altars:
Ashenzari
Dithmenos
Fedhas
Kikubaaqudgha
Makhleb
Nemelex Xobeh
Qazlal
Sif Muna
Uskayaw
Xom
Yredelemnul
The Shining One

Shops:
D:3 :   D:6 ?

Annotations:
D:4 1 transporter
D:7 1 runed translucent door, OTABOTABOTAB's ghost, novice DrTm


Innate Abilities, Weirdness & Mutations

You are resistant to damage.
You can heal yourself by infusing magical energy.
You passively map the area around you.
You do not regenerate.
Your mind is acute. (Int +2)
You are frail. (-10% HP)
You are somewhat resistant to further mutation.
You are weak. (Str -2)


Message History

You slash the white imp!
You kill the white imp!
Makhleb accepts your kill.
There is a stone staircase leading up here.
Items here: ( ) [ †.
Items here: ))) [[ †††.
Found a hand axe.
You don't have any unidentified items.
Unknown command.
Search for what [Enter for "mut", or ? for help]? broad Can't find anything matching that.
You reach down and open the door.
There is an open door here.
You reach down and open the door.
There is an open door here.
You now have 243 gold pieces (gained 14).
You reach down and open the door.
Found an escape hatch in the floor.
Found a stone staircase leading down.
Found 6 poisoned darts.
There is an open door here.
A cyclops comes into view.
The cyclops shouts!
Found a chain mail.
You hit the cyclops but do no damage. You hit the cyclops.
The cyclops is lightly wounded.
You block the cyclops's attack.
You hit the cyclops.
The cyclops is moderately wounded.
The cyclops hits you!
* * * LOW HITPOINT WARNING * * *
You slash the cyclops!
The cyclops is moderately wounded.
The cyclops hits you but does no damage.
You hit the cyclops but do no damage.
The cyclops is moderately wounded.
You hit the cyclops.
The cyclops is heavily wounded.
The cyclops hits you!!
You die...

####)# * , * * ,
.....#######, , , , .. , ,
####.......+, , ,,##.# ,* ,
#.#######< , , ....., ##.#
..... , , #..# , ......,
###'## #####+#...... , , *
.....# #............ ,
.....# #####....@C.....8,,
,
.....###...'...........[,,,
.....'...###...>..(..... ,
.....##### #............ ,
, .....# #............, ,
.....# #.....>...... .....#
############# , ###### ,,,
* *


You could see a cyclops.

Vanquished Creatures
  A wraith (Ossuary)
  6 yaks (D:7)
  A steam dragon (D:8)
  Edmund (D:4)
  An orc warrior (D:9)
  2 ice beasts (D:7)
  A black bear (D:7)
  2 centaurs
  2 ogres (D:5)
  2 phantoms (D:6)
  A kobold brigand (D:7)
  3 bullfrogs
  5 necrophages
  5 scorpions
  8 wights
  6 killer bees (D:8)
  2 howler monkeys (D:7)
  A centaur zombie (D:4)
  A bullfrog zombie (D:4)
  7 hounds
  A human zombie (D:4)
  A jelly (D:6)
  2 gnoll shamans
  3 iguanas
  7 orc wizards
  Natasha (thrice) (D:2)
  A merfolk siren (Sewer)
  A merfolk avatar (Sewer)
  2 hound zombies (D:4)
  A mummy (Ossuary)
  13 gnolls
  A howler monkey zombie (D:4)
  13 adders
  5 river rats
  A shadow imp (D:8)
  5 white imps
  An ufetubus (D:9)
  2 adder zombies (D:4)
  A worm (D:4)
  20 orcs
  6 bats
  8 endoplasms
  7 giant cockroaches
  10 goblins
  6 hobgoblins
  9 jackals
  5 quokkas
  9 ball pythons
  8 frilled lizards
  5 gnoll skeletons (Ossuary)
  A goblin zombie (D:5)
  13 kobolds
  5 kobold skeletons (Ossuary)
  15 orc skeletons (Ossuary)
  A quokka zombie (D:5)
  50 rats
300 creatures vanquished.

Vanquished Creatures (others)
  A plant (D:1)
1 creature vanquished.

Grand Total: 301 creatures vanquished

Notes
Turn   | Place    | Note
-------+----------+-------------------------------------------
     0 | D:1      | Antichthon the Deep Dwarf Fighter began the quest for the
                  | Orb.
     0 | D:1      | Reached XP level 1. HP: 20/20 MP: 1/1
    81 | D:1      | Reached XP level 2. HP: 17/27 MP: 2/2
   607 | D:2      | Reached XP level 3. HP: 20/33 MP: 3/3
   643 | D:2      | Reached skill level 1 in Necromancy
   647 | D:2      | Noticed Natasha
   660 | D:2      | Killed Natasha
   692 | D:2      | Reached XP level 4. HP: 30/42 MP: 3/5
   738 | D:2      | Found a faded altar of an unknown god.
   755 | D:2      | Noticed Natasha
   760 | D:2      | Killed Natasha
   761 | D:2      | Reached skill level 3 in Axes
   761 | D:2      | Reached skill level 1 in Invocations
   769 | D:2      | Noticed Natasha
   775 | D:2      | Killed Natasha
   980 | D:2      | Reached skill level 1 in Spellcasting
   980 | D:2      | Reached XP level 5. HP: 29/49 MP: 6/6
  1083 | D:2      | Reached skill level 1 in Dodging
  1530 | D:3      | Found Taffilan's Book Emporium.
  1778 | D:3      | Found a hide-covered altar of Uskayaw.
  2097 | D:4      | Reached skill level 4 in Axes
  2215 | D:4      | Reached XP level 6. HP: 35/56 MP: 7/7
  2248 | D:4      | Found a sparkling altar of Nemelex Xobeh.
  2248 | D:4      | Found a transporter.
  2248 | D:4      | Noticed a yak
  2264 | D:4      | Noticed Edmund
  2281 | D:4      | Killed Edmund
  2441 | D:4      | Found a glowing drain.
  2451 | Sewer    | Entered a sewer
  2581 | Sewer    | Reached skill level 5 in Axes
  2695 | Sewer    | Reached XP level 7. HP: 33/62 MP: 9/9
  2960 | D:4      | Found a shimmering altar of Xom.
  3001 | D:4      | Found a burning altar of Makhleb.
  3004 | D:4      | Found a stormy altar of Qazlal.
  3008 | D:4      | Became a worshipper of Makhleb the Destroyer
  3009 | D:4      | Identified the ring of the Tuna {rF+ Stlth+}
  3187 | D:4      | Found a glowing golden altar of the Shining One.
  3297 | D:4      | Found a basalt altar of Yredelemnul.
  3306 | D:4      | Reached skill level 6 in Axes
  3585 | D:5      | Entered Level 5 of the Dungeon
  3617 | D:5      | Reached XP level 8. HP: 31/72 MP: 9/11
  3678 | D:5      | Found a sand-covered staircase.
  3701 | Ossuary  | Entered an ossuary
  3713 | Ossuary  | Reached * piety under Makhleb
  3861 | Ossuary  | Reached skill level 7 in Axes
  4209 | D:5      | Identified the +1 leather armour of the Doldrums {rPois
                  | Regen+}
  4216 | D:5      | Found a staircase to the Ecumenical Temple.
  4377 | D:5      | Found a shimmering blue altar of Sif Muna.
  4405 | D:6      | Found Hoeqaez's Magic Scroll Shoppe.
  4415 | D:5      | Reached skill level 5 in Armour
  4426 | D:6      | Reached ** piety under Makhleb
  4459 | D:6      | Bought a scroll of identify for 20 gold pieces
  4459 | D:6      | Bought a scroll of identify for 20 gold pieces
  4459 | D:6      | Bought a scroll of identify for 20 gold pieces
  4459 | D:6      | Bought a scroll of identify for 20 gold pieces
  4459 | D:6      | Bought a scroll of blinking for 75 gold pieces
  4459 | D:6      | Bought a scroll of poison for 35 gold pieces
  4461 | D:6      | Gained mutation: Your mind is acute. (Int +2) [potion of
                  | mutation]
  4461 | D:6      | Gained mutation: You are weak. (Str -2) [potion of
                  | mutation]
  4461 | D:6      | Gained mutation: You are frail. (-10% HP) [potion of
                  | mutation]
  4461 | D:6      | Gained mutation: You are somewhat resistant to further
                  | mutation. [potion of mutation]
  4466 | D:6      | Found a blossoming altar of Fedhas.
  4468 | D:6      | Found an ancient bone altar of Kikubaaqudgha.
  4514 | D:6      | Reached skill level 8 in Axes
  4589 | D:6      | Gained mutation: You passively map the area around you.
                  | [Deep Dwarf growth]
  4589 | D:6      | Reached XP level 9. HP: 34/71 MP: 12/12
  4603 | D:6      | Reached skill level 5 in Shields
  4944 | D:7      | Identified the +0 trident of Discretion {vorpal, Dex+2}
  5212 | D:7      | Reached skill level 9 in Axes
  5312 | D:7      | Reached skill level 5 in Fighting
  5319 | D:7      | Found a shadowy altar of Dithmenos.
  5431 | D:7      | Found a broken altar of Ashenzari.
  5495 | D:7      | Reached XP level 10. HP: 27/79 MP: 12/12
  5669 | D:7      | Found a runed translucent door.
  5704 | D:7      | Noticed OTABOTABOTAB's ghost (novice DrTm)
  5874 | D:7      | Reached skill level 5 in Invocations
  6182 | D:8      | Reached *** piety under Makhleb
  6459 | D:8      | Reached skill level 10 in Axes
  6948 | D:9      | Noticed a cyclops
  6957 | D:9      | Mangled by a cyclops

Illustrated notes

Levels and vault maps discovered:
D:1:      eino_arrival_druids_welcome, layout_basic
D:2:      minmay_diamond_boxcup, layout_rooms,
          shapermc_ecumenical_altar_flowoftime, uniq_natasha
D:3:      layout_basic, nicolae_uskayaw_suspiria, serial_shops, shop,
          minmay_rat_hole
D:4:      layout_rooms, grunt_nemelex_the_gamble,
          mainiacjoe_overflow_surrounded_room, mainiacjoe_overflow_24_doors,
          lemuel_mausoleum_altar_yredelemnul, nicolae_overflow_squiral,
          lightli_sewer_entry_pipes, uniq_edmund
D:5:      layout_rooms, general_overflow_altar, minmay_temple_entry_junction_2,
          enter_ossuary_4, minmay_misc_feat_enclosed
D:6:      layout_basic, grunt_temple_overflow_growth_and_decay, serial_shops,
          shop_scrolls, kennysheep_generic_room_2
D:7:      layout_loops_corners, nicolae_overflow_crystal_walls,
          nicolae_dithmenos_through_a_glass_darkly,
          ebering_ghost_reflecting_pool
D:8:      layout_gridville, minmay_misc_feat_more_columns,
          kennysheep_generic_room_4
D:9:      layout_roguey [special_room_orc], serial_ice, serial_ice_b,
          serial_ice_m, serial_ice_a, serial_ice_h, serial_ice_f, serial_ice_e,
          minivault_16

Skill      XL: |  1  2  3  4  5  6  7  8  9 10 |
---------------+-------------------------------+-----
Necromancy     | 1 2 3 4 |  4.8
Fighting       | 3 4 5 |  5.4
Axes           | 3 4 5 6 8 9 10 | 10.1
Invocations    | 1 2 3 4 5 |  5.3
Spellcasting   | 1 2 3 |  3.4
Dodging        | 1 2 3 4 |  4.4
Armour         | 4 5 6 |  6.9
Shields        | 4 5 |  5.6

Action                   |  1- 3 |  4- 6 |  7- 9 | 10-12 || total
-------------------------+-------+-------+-------+-------++-------
Melee: War axe           |    63 |   268 |   514 |   131 ||   976
 Abil: Heal Wounds       |     1 |     2 |     8 |       ||    11
  Use: Scroll            |     3 |     6 |     9 |     1 ||    19
       Potion            |       |       |     1 |       ||     1
Armor: Chain mail        |    48 |   109 |       |       ||   157
       Scale mail        |     2 |       |       |       ||     2
       Plate armour      |       |   111 |   389 |   121 ||   621
Dodge: Dodged            |    20 |    89 |   142 |    37 ||   288
Block: Buckler           |    21 |    92 |   124 |    35 ||   272

Table legend: (Time is in decaauts)
 A = Elapsed time spent in this place.
 B = Non-inter-level travel time spent in this place.
 C = Inter-level travel time spent in this place.
 D = Time resting spent in this place.
 E = Time spent auto-exploring this place.
 F = Levels seen in this place.
 G = Mean time per level.
                   A        B        C        D        E       F      G
               +--------+--------+--------+--------+--------+-----+--------+
         Total |   7290 |   7061 |    229 |    200 |   3890 |  11 |  662.7 |
       Dungeon |   6531 |   6302 |    229 |    200 |   3786 |   9 |  725.7 |
         Sewer |    510 |    510 |      0 |      0 |    104 |   1 |  510.0 |
       Ossuary |    249 |    249 |      0 |      0 |      0 |   1 |  249.0 |
               +--------+--------+--------+--------+--------+-----+--------+

Top non-repeatable levels by time:
     D:4: 1210 daAuts
     D:7: 1128 daAuts
     D:2: 875 daAuts
     D:8: 810 daAuts
     D:3: 685 daAuts
     D:1: 620 daAuts
     D:5: 566 daAuts
     D:6: 515 daAuts
   Sewer: 510 daAuts
 Ossuary: 249 daAuts
     D:9: 117 daAuts
